 Dungeon Crawl Stone Soup version 0.32-a0-163-g159c032296 (webtiles) character file.

Game seed: 13198638228951290063

241 Bravepunisher the Ducker (level 5, -3/28 HPs)
             Began as a Spriggan Monk on Feb 11, 2024.
             Was a Priest of Makhleb.
             Killed by divine providence
             ... invoked by an orc priest
              (15 damage)
             ... on level 3 of the Dungeon.
             The game lasted 00:10:19 (2787 turns).

Bravepunisher the Ducker (Spriggan Monk)            Turns: 2787, Time: 00:10:20

Health: -3/28      AC:  3    Str: 11    XL:     5   Next: 80%
Magic:  9/9        EV: 20    Int: 12    God:    Makhleb [***...]
Gold:   149        SH:  0    Dex: 19    Spells: 4/4 levels left

rFire   . . .        b - +2 dagger (venom)
rCold   + . .        (no shield)
rNeg    . . .        e - +1 robe of the Sun {^Drain rC+ Str+4}
rPois   .            (helmet restricted)
rElec   .            (no cloak)
rCorr   .            (gloves unavailable)
SInv    +            (boots unavailable)
Will    .....        (no amulet)
Stlth   ++           (no ring)
HPRegen 0.24/turn    (no ring)
MPRegen 0.11/turn

%: no passive effects
@: very quick
A: very small, no large weapons, unfitting armour, see invisible, speed 3
a: Renounce Religion, Minor Destruction, Lesser Servant of Makhleb


You were on level 3 of the Dungeon.
You worshipped Makhleb.
Makhleb was most pleased with you.
You visited 1 branch of the dungeon, and saw 8 of its levels.

You collected 149 gold pieces.

Inventory:

Hand Weapons
 b - a +2 dagger of venom (weapon)
Armour
 e - the +1 robe of the Sun (worn) {^Drain rC+ Str+4}
   (You found it on level 5 of the Dungeon)

   Str+4:     It affects your strength (+4).
   rC+:       It protects you from cold.
   ^Drain:    It drains your maximum health when unequipped.
Wands
 a - a wand of digging (5)
Scrolls
 d - a scroll of blinking {unknown}
 h - 6 scrolls of identify {unknown}
 j - a scroll of teleportation {unknown}
 k - 2 scrolls of noise {unknown}
 l - a scroll of enchant armour {unknown}
Potions
 c - a potion of ambrosia
 f - 2 potions of curing
 g - a potion of lignification {unknown}
 i - a potion of cancellation {unknown}


   Skills:
 - Level 2.8 Fighting
 - Level 3.2 Short Blades
 - Level 5.0 Dodging
 * Level 4.9 Invocations


You had 4 spell levels left.
You didn't know any spells.
Your spell library contained the following spells:

 Spells                   Type           Power      Damage    Failure   Level
 Sublimation of Blood     Necr           0%         N/A       45%         2
 Inner Flame              Hex/Fire       0%         N/A       69%         3
 Petrify                  Alch/Erth      0%         N/A       97%         4
 Irradiate                Conj/Alch      0%         3d11      100%        5
 Ignition                 Fire           0%         3d3       100%        8


Dungeon Overview and Level Annotations

Branches:
Dungeon (8/15)
 Temple: D:4-7         Lair: D:8-11

Altars:
Hepliaklqana
Makhleb
Yredelemnul

Shops:
D:1 :

Annotations:
D:6 1 exclusion, Sigmund


Innate Abilities, Weirdness & Mutations

You are very small and have problems with some larger weapons.
You are too small for most types of armour.
You have supernaturally acute eyesight. (SInv)
You cover ground extremely quickly. (Speed+++)


Message History

The endoplasm hits you.
* * * LOW HITPOINT WARNING * * *
You feel better.
The orc priest looks braver for a moment.
Aiming: Minor Destruction (1% risk of failure)
Press: ? - help, Shift-Dir - straight line, f/p - orc priest
Aim: an orc priest, wielding a +0 trident (almost dead)
The puff of flame hits the endoplasm.
The endoplasm is heavily wounded.
The orc priest begins to cast a cantrip, but forgets the words!
Unknown command.
There is a stone staircase leading up here.
Aiming: Minor Destruction (1% risk of failure)
Press: ? - help, Shift-Dir - straight line, f - endoplasm
Aim: an endoplasm (heavily wounded)
The puff of flame hits the endoplasm!
You kill the endoplasm!
Makhleb accepts your kill.
You feel better.
Aiming: Minor Destruction (1% risk of failure)
Press: ? - help, Shift-Dir - straight line, f - orc
Aim: an orc, wielding a +0 short sword The zap hits the orc.
The orc is severely wounded.
The zap misses the orc.
Aiming: Minor Destruction (1% risk of failure)
Press: ? - help, Shift-Dir - straight line, f/p - orc
Aim: an orc, wielding a +0 short sword (severely wounded)
The stone arrow misses the orc.
Aiming: Minor Destruction (1% risk of failure)
Press: ? - help, Shift-Dir - straight line, f/p - orc
Aim: an orc, wielding a +0 short sword (severely wounded)
The puff of flame hits the orc.
You kill the orc!
Makhleb accepts your kill.
You feel better.
The orc priest calls down the wrath of Beogh upon you.
Beogh smites you!
Ouch! That really hurt!
You die...

...............###.#
#####..........# #.# #.# .#
....#..........# #.#
#.####.' .....<#+####.###
#.# #....... ###.#'# #.#
#.# +....... ......
#.#####.# #....... ###.....
#.......# +....... .......
######..# #.?..o..
##......#####..@..#
#oo..... ..............)..#
#†###...
.#.......####.##.########)#
...........o.o..ooo.#
..###################


You could see an orc priest.

Vanquished Creatures
  A bombardier beetle (D:4)
  2 iguanas
  An orc wizard (D:6)
  5 adders
  14 orcs
  2 ball pythons
  6 bats
  4 endoplasms
  2 giant cockroaches
  7 hobgoblins
  4 jackals
  7 quokkas
  4 frilled lizards
  5 goblins
  2 kobolds
  5 rats
71 creatures vanquished.

Notes
Turn   | Place    | Note
-------+----------+-------------------------------------------
     0 | D:1      | Bravepunisher the Spriggan Monk began the quest for the
                  | Orb.
     0 | D:1      | Reached XP level 1. HP: 11/11 MP: 2/2
   133 | D:5      | Entered Level 5 of the Dungeon
   184 | D:4      | Reached XP level 2. HP: 9/16 MP: 3/3
   239 | D:4      | Reached skill level 5 in Dodging
   466 | D:4      | Noticed a bombardier beetle
   483 | D:5      | Noticed a scorpion
   494 | D:5      | Noticed an ogre
   530 | D:5      | Noticed a gnoll sergeant
   556 | D:5      | Identified the +1 robe of the Sun {^Drain rC+ Str+4}
   595 | D:5      | Found a glowing drain.
   600 | D:5      | You fall into a shaft and drop 3 floors!
   627 | D:8      | Noticed an orc warrior
   629 | D:8      | Found a burning altar of Makhleb.
   632 | D:8      | Became a worshipper of Makhleb the Destroyer
   632 | D:8      | Reached * piety under Makhleb
   632 | D:8      | Reached ** piety under Makhleb
   710 | D:7      | Found a basalt altar of Yredelemnul.
   743 | D:7      | Reached skill level 1 in Invocations
   743 | D:7      | Reached XP level 3. HP: 18/19 MP: 3/5
   802 | D:6      | Reached XP level 4. HP: 16/23 MP: 6/6
   933 | D:6      | Noticed Sigmund
  1009 | D:4      | Reached XP level 5. HP: 25/28 MP: 8/8
  1638 | D:1      | Reached *** piety under Makhleb
  1667 | D:1      | Found Ummem's Vocational Training.
  1955 | D:2      | Noticed a golden eye
  1979 | D:2      | Noticed a shining eye
  1983 | D:2      | Found a faded altar of an unknown god.
  2061 | D:2      | Found a hazy altar of Hepliaklqana.
  2151 | D:2      | Noticed a golden eye
  2155 | D:2      | Noticed a golden eye
  2787 | D:3      | Killed from afar by an orc priest

Illustrated notes

Levels and vault maps discovered:
D:1:      dpeg_arrival_line_fractal, layout_basic, nicolae_shop_vocational
D:2:      layout_basic, hellmonk_ecumenical_altar_watching_god, basic_altar,
          kennysheep_doodads
D:3:      layout_basic, kennysheep_pointless_box, uniq_grinder
D:4:      layout_loops_corners
D:5:      layout_rooms, cheibrodos_sewer_entry_sluice, minmay_misc_feat_room,
          minmay_misc_feat_iff, st_stairs_9, nicolae_inconvenience_store,
          hangedman_decor_peaks_small, lemuel_flame_loot_1
D:6:      wad_woods_stonehenge, layout_basic, mainiacjoe_overflow_cross_hatched,
          uniq_duvessa, uniq_sigmund
D:7:      layout_loops_ring, nicolae_overflow_crystal_walls,
          minmay_temple_entry_drinking_statues, uniq_prince_ribbit1
D:8:      layout_cave_pools, kennysheep_mini

Skill      XL: |  1  2  3  4  5 |
---------------+----------------+-----
Dodging        | 5 |  5.0
Invocations    | 1 2 3 4 |  4.9
Fighting       | |  2.8
Short Blades   | |  3.2

Action                     |  1- 3 |  4- 6 || total
---------------------------+-------+-------++-------
  Melee: Short sword       |    39 |       ||    39
         Dagger            |       |    27 ||    27
         Punch             |       |     1 ||     1
 Invoke: Minor Destruction |    10 |   116 ||   126
    Use: Potion            |       |     2 ||     2
   Stab: Sleeping          |     2 |       ||     2
 Armour: Robe              |    13 |     9 ||    22
  Dodge: Dodged            |    40 |    48 ||    88

Table legend: (Time is in decaauts)
 A = Elapsed time spent in this place.
 B = Non-inter-level travel time spent in this place.
 C = Inter-level travel time spent in this place.
 D = Time resting spent in this place.
 E = Time spent auto-exploring this place.
 F = Levels seen in this place.
 G = Mean time per level.
                   A        B        C        D        E       F      G
               +--------+--------+--------+--------+--------+-----+--------+
         Total |   1931 |   1789 |    142 |      0 |   1234 |   8 |  241.4 |
       Dungeon |   1931 |   1789 |    142 |      0 |   1234 |   8 |  241.4 |
               +--------+--------+--------+--------+--------+-----+--------+

Top non-repeatable levels by time:
     D:2: 596 daAuts
     D:4: 391 daAuts
     D:1: 376 daAuts
     D:6: 151 daAuts
     D:3: 140 daAuts
     D:5: 124 daAuts
     D:7: 114 daAuts
     D:8: 36 daAuts
